Canadiens vs Islanders

Created - 26 septembre 2019 at 16:09

Simulating a Pre-Season

Goals
1 2 3 OT1 T
Canadiens 0 1 0 1 2
Islanders 1 0 0 0 1
Shots
1 2 3 OT1 T
Canadiens 13 7 9 2 31
Islanders 12 10 3 0 25

1st period

1. Islanders , Nicklas Backstrom 2 (Kyle Palmieri 2, Alex Goligoski 4) at 9:09 (PP)

Penalties :
Travis Hamonic (MTL) for Tripping (Minor) at 2:30, Chris Kreider (MTL) for Interference (Minor) at 8:40

2nd period

2. Canadiens , Sven Baertschi 1 (Nino Niederreiter 3, Bryan Little 1) at 11:24

Penalties :
Mathew Dumba (NYI) for Hooking (Minor) at 5:01, Chris Mueller (NYI) for Slashing (Minor) at 16:22

3rd period

No Goal

Penalties :
Kyle Palmieri (NYI) for Hooking (Minor) at 12:10

Overtime #1

3. Canadiens , Mathew Barzal 4 (Jake Muzzin 1, Brent Seabrook 3) at 0:58

Penalties :
No Penalty

Goalie Stats

Robin Lehner (MTL), 24 saves from 25 shots - (0,960), W, 4-1-0, 60:58 minutes
Corey Crawford (NYI), 29 saves from 31 shots - (0,935), OTL, 1-2-1, 60:58 minutes

Players Stats for Canadiens

Player Name              G  A  P  +/- PIM S  H  SB GA TA FO     MP     PP MP  PK MP  
------------------------------------------------------------------------------------
Adam Larsson             0  0  0   0  0   0  2  1  0  1  0/0    23:02   2:50   0:55 
Andreas Athanasiou       0  0  0   0  0   1  0  0  0  0  0/1    18:02   2:54   0:02 
Brandon Pirri            0  0  0   0  0   2  0  1  0  0  1/1     7:14   0:00   0:00 
Brent Seabrook           0  1  1   0  0   0  2  1  1  1  0/0    20:45   2:50   1:02 
Brett Pesce              0  0  0   1  0   0  2  3  0  1  0/0    20:29   3:07   1:03 
Bryan Little             0  1  1   1  0   2  1  1  0  0  5/11   18:43   2:54   1:22 
Chris Kreider            0  0  0   0  2   3  4  0  0  1  0/0    18:05   3:00   0:00 
Jake Muzzin              0  1  1   1  0   1  1  4  0  1  0/0    22:42   3:07   0:38 
John Moore               0  0  0   1  0   0  0  1  0  0  0/0    17:04   0:00   1:03 
Magnus Paajarvi          0  0  0   0  0   1  1  0  1  0  0/0     8:23   0:00   1:01 
Mathew Barzal            1  0  1   1  0   3  0  1  1  0  8/17   18:11   2:54   0:00 
Max Pacioretty           0  0  0   0  0   3  1  0  0  0  1/1    15:00   0:00   0:00 
Mitch Marner             0  0  0   1  0   6  0  0  0  0  0/0    19:01   3:03   0:12 
Nate Thompson            0  0  0   0  0   0  0  0  0  0  1/3     8:29   0:00   1:15 
Nino Niederreiter        0  1  1   1  0   6  1  0  0  0  0/1    14:26   0:03   0:00 
Ryan O'Reilly            0  0  0   0  0   0  1  0  0  0  16/21  19:30   3:03   1:04 
Sven Baertschi           1  0  1   1  0   3  1  0  0  0  0/1    14:14   0:00   0:00 
Travis Hamonic           0  0  0   0  2   0  0  1  0  0  0/0    17:04   0:00   0:15 

Players Stats for Islanders

Player Name              G  A  P  +/- PIM S  H  SB GA TA FO     MP     PP MP  PK MP  
------------------------------------------------------------------------------------
Alex Goligoski           0  1  1  -2  0   1  1  1  0  0  0/0    26:21   1:45   3:53 
Brandon Saad             0  0  0  -1  0   1  2  0  0  0  0/1    18:09   0:54   2:11 
Chris Mueller            0  0  0  -1  2   1  2  1  0  0  0/1    12:58   0:00   1:18 
Evan Rodrigues           0  0  0  -1  0   3  3  0  0  0  1/1    11:52   0:05   0:00 
Jake Gardiner            0  0  0   0  0   1  0  0  0  0  0/0    14:17   0:00   0:22 
James Neal               0  0  0   0  0   0  1  0  0  0  0/0     9:32   0:00   0:23 
Jordie Benn              0  0  0   0  0   0  2  0  0  0  0/0    20:20   0:43   1:42 
Justin Schultz           0  0  0   0  0   1  0  1  1  1  0/0    14:35   0:00   1:14 
Kyle Palmieri            0  1  1  -1  2   2  1  0  0  1  0/1    18:23   1:29   0:36 
Logan Shaw               0  0  0   0  0   2  1  0  0  0  0/0     9:09   0:00   0:00 
Mathew Dumba             0  0  0  -1  2   1  0  1  0  0  0/0    24:30   1:45   2:39 
Nicklas Backstrom        1  0  1   0  0   5  0  0  0  0  12/27  21:29   1:34   3:16 
Radek Faksa              0  0  0  -1  0   1  2  1  1  0  4/6    12:50   0:05   0:58 
Ryan Murray              0  0  0   0  0   0  1  0  0  1  0/0    21:16   0:43   2:04 
Timo Meier               0  0  0   0  0   3  0  1  0  0  0/1    15:25   0:54   0:00 
Tyler Bozak              0  0  0   0  0   1  1  0  1  0  8/15   15:25   0:54   0:00 
Tyler Ennis              0  0  0   0  0   2  0  0  1  0  0/3     9:09   0:00   0:00 
Vladimir Tarasenko       0  0  0   0  0   0  0  0  1  0  0/1    21:14   1:29   3:12 

3 Stars

1 - Robin Lehner (MTL)
2 - Sven Baertschi (MTL)
3 - Mathew Barzal (MTL)

Power Play

Canadiens - 0 on 3 Attempt(s) - 0,00%
Islanders - 1 on 2 Attempt(s) - 50,00%

Penalty Kill

Canadiens - 1 on 2 Attempt(s) - 50,00% - Score 0 goal in Penalty Kill
Islanders - 3 on 3 Attempt(s) - 100,00% - Score 0 goal in Penalty Kill

Team Stat

Canadiens - Hits : 17 - Faceoff Wins : 32 - Blocked Shots : 14 - Penalty Minutes : 4
Islanders - Hits : 17 - Faceoff Wins : 25 - Blocked Shots : 6 - Penalty Minutes : 6

Official

Referees : Kendrick Nicholson and Chris Rooney
Linesman : Brad Kovachik and Steve Miller

Game Notes

0:58 of 1st overtime period - Canadiens goal is going for a video replay. After video review, Goal.

Canadiens

5 vs 5 Forward 
   Center                   Left Wing                Right Wing               Time % Phy DF OF 
 1 Ryan O'Reilly            Max Pacioretty           Mitch Marner             33     0   2  3  
 2 Mathew Barzal            Chris Kreider            Andreas Athanasiou       33     0   2  3  
 3 Bryan Little             Sven Baertschi           Nino Niederreiter        29     0   2  3  
 4 Nate Thompson            Magnus Paajarvi          Brandon Pirri            5      0   3  2  

5 vs 5 Defense 
   Defense                  Defense                                           Time % Phy DF OF 
 1 Brent Seabrook           Jake Muzzin                                       33     0   3  2  
 2 Adam Larsson             Travis Hamonic                                    33     0   3  2  
 3 Brett Pesce              John Moore                                        29     0   3  2  
 4 Adam Larsson             Jake Muzzin                                       5      0   3  2  

PowerPlay Forward 
   Center                   Left Wing                Right Wing               Time % Phy DF OF 
 1 Ryan O'Reilly            Chris Kreider            Mitch Marner             50     0   2  3  
 2 Mathew Barzal            Andreas Athanasiou       Bryan Little             50     0   2  3  

PowerPlay Defense
   Defense                  Defense                                           Time % Phy DF OF 
 1 Brett Pesce              Jake Muzzin                                       50     0   3  2  
 2 Adam Larsson             Brent Seabrook                                    50     0   3  2  

Penalty Kill 4 Players Forward 
   Center                   Wing                     Time % Phy DF OF 
 1 Ryan O'Reilly            Magnus Paajarvi          50     0   2  2  
 2 Nate Thompson            Bryan Little             50     0   3  2  

Penalty Kill 4 Players Defense
   Defense                  Defense                  Time % Phy DF OF 
 1 Brent Seabrook           Travis Hamonic           50     0   4  1  
 2 John Moore               Brett Pesce              50     0   4  1  

Penalty Kill - 3 Players Forward 
   Forward                                           Time % Phy DF OF 
 1 Ryan O'Reilly                                     50     0   4  1  
 2 Magnus Paajarvi                                   50     0   4  1  

Penalty Kill - 3 Players Defense
   Defense                  Defense                  Time % Phy DF OF 
 1 Brent Seabrook           Travis Hamonic           50     0   5  0  
 2 Brett Pesce              Travis Hamonic           50     0   5  0  

4 vs 4 Forward 
   Center                   Wing                     Time % Phy DF OF 
 1 Mathew Barzal            Andreas Athanasiou       50     0   2  3  
 2 Ryan O'Reilly            Mitch Marner             50     0   2  3  

4 vs 4 Defense
   Defense                  Defense                  Time % Phy DF OF 
 1 Brent Seabrook           Jake Muzzin              50     0   3  2  
 2 Adam Larsson             Travis Hamonic           50     0   3  2  

Last Minutes Offensive
   Center                   Left Wing                Right Wing               Defense                  Defense                  
   Ryan O'Reilly            Chris Kreider            Mitch Marner             Brent Seabrook           Jake Muzzin              

Last Minutes Defensive
   Center                   Left Wing                Right Wing               Defense                  Defense                  
   Ryan O'Reilly            Nate Thompson            Magnus Paajarvi          Travis Hamonic           Brent Seabrook           

Goaltenders
Starting : Robin Lehner             
Backup : Laurent Brossoit         

Extra Forwards
Normal : Bryan Little, Nino Niederreiter, Magnus Paajarvi - PP : Nino Niederreiter, Max Pacioretty - PK : Mitch Marner
Extra Defensemen
Normal : Brett Pesce, John Moore, Jake Muzzin - PP : Travis Hamonic - PK : Adam Larsson, Jake Muzzin
Penalty Shots
Andreas Athanasiou, Brent Seabrook, Ryan O'Reilly, Brett Pesce, Mitch Marner
Custom OT Lines Forwards
Ryan O'Reilly, Mitch Marner, Chris Kreider, Mathew Barzal, Andreas Athanasiou, Max Pacioretty, Bryan Little, Nino Niederreiter, Magnus Paajarvi, Sven Baertschi
Custom OT Lines Defensemen
Brent Seabrook, Jake Muzzin, Adam Larsson, Travis Hamonic, Brett Pesce

Scratches
Anthony DeAngelo (Healthy)

Islanders

5 vs 5 Forward 
   Center                   Left Wing                Right Wing               Time % Phy DF OF 
 1 Nicklas Backstrom        Kyle Palmieri            Vladimir Tarasenko       35     1   2  2  
 2 Tyler Bozak              Brandon Saad             Timo Meier               30     1   2  2  
 3 Radek Faksa              Evan Rodrigues           Chris Mueller            20     1   2  2  
 4 Tyler Ennis              James Neal               Logan Shaw               15     1   2  2  

5 vs 5 Defense 
   Defense                  Defense                                           Time % Phy DF OF 
 1 Alex Goligoski           Mathew Dumba                                      40     1   2  2  
 2 Ryan Murray              Jordie Benn                                       35     1   2  2  
 3 Jake Gardiner            Justin Schultz                                    25     1   2  2  
 4 Alex Goligoski           Mathew Dumba                                      0      1   2  2  

PowerPlay Forward 
   Center                   Left Wing                Right Wing               Time % Phy DF OF 
 1 Nicklas Backstrom        Kyle Palmieri            Vladimir Tarasenko       60     1   2  2  
 2 Tyler Bozak              Brandon Saad             Timo Meier               40     1   2  2  

PowerPlay Defense
   Defense                  Defense                                           Time % Phy DF OF 
 1 Alex Goligoski           Mathew Dumba                                      60     1   2  2  
 2 Ryan Murray              Jordie Benn                                       40     1   2  2  

Penalty Kill 4 Players Forward 
   Center                   Wing                     Time % Phy DF OF 
 1 Nicklas Backstrom        Vladimir Tarasenko       60     1   2  2  
 2 Kyle Palmieri            Brandon Saad             40     1   2  2  

Penalty Kill 4 Players Defense
   Defense                  Defense                  Time % Phy DF OF 
 1 Alex Goligoski           Mathew Dumba             60     1   2  2  
 2 Ryan Murray              Jordie Benn              40     1   2  2  

Penalty Kill - 3 Players Forward 
   Forward                                           Time % Phy DF OF 
 1 Nicklas Backstrom                                 60     1   2  2  
 2 Vladimir Tarasenko                                40     1   2  2  

Penalty Kill - 3 Players Defense
   Defense                  Defense                  Time % Phy DF OF 
 1 Alex Goligoski           Mathew Dumba             60     1   2  2  
 2 Ryan Murray              Jordie Benn              40     1   2  2  

4 vs 4 Forward 
   Center                   Wing                     Time % Phy DF OF 
 1 Nicklas Backstrom        Vladimir Tarasenko       60     1   2  2  
 2 Kyle Palmieri            Brandon Saad             40     1   2  2  

4 vs 4 Defense
   Defense                  Defense                  Time % Phy DF OF 
 1 Alex Goligoski           Mathew Dumba             60     1   2  2  
 2 Ryan Murray              Jordie Benn              40     1   2  2  

Last Minutes Offensive
   Center                   Left Wing                Right Wing               Defense                  Defense                  
   Nicklas Backstrom        Kyle Palmieri            Vladimir Tarasenko       Alex Goligoski           Mathew Dumba             

Last Minutes Defensive
   Center                   Left Wing                Right Wing               Defense                  Defense                  
   Nicklas Backstrom        Kyle Palmieri            Vladimir Tarasenko       Alex Goligoski           Mathew Dumba             

Goaltenders
Starting : Corey Crawford           
Backup : Keith Kinkaid            

Extra Forwards
Normal : Radek Faksa, Evan Rodrigues, Chris Mueller - PP : Radek Faksa, Evan Rodrigues - PK : Chris Mueller
Extra Defensemen
Normal : Jake Gardiner, Justin Schultz, Ryan Murray - PP : Jake Gardiner - PK : Justin Schultz, Ryan Murray
Penalty Shots
Nicklas Backstrom, Vladimir Tarasenko, Kyle Palmieri, Brandon Saad, Timo Meier
Custom OT Lines Forwards
Nicklas Backstrom, Vladimir Tarasenko, Kyle Palmieri, Brandon Saad, Timo Meier, Tyler Bozak, Radek Faksa, Evan Rodrigues, Chris Mueller, Tyler Ennis
Custom OT Lines Defensemen
Alex Goligoski, Mathew Dumba, Ryan Murray, Jordie Benn, Jake Gardiner

Scratches
Will Butcher (Healthy)

% Time on Ice - Canadiens

Lines # - Real PCT - Wanted PCT - Time Play
Normal Forward
1 - 29% - 33% - 15:10
2 - 29% - 33% - 14:57
3 - 28% - 29% - 14:14
4 - 14% - 5% - 7:14
Normal Defense
1 - 33% - 33% - 16:46
2 - 34% - 33% - 17:17
3 - 29% - 29% - 15:12
4 - 5% - 5% - 2:20
PP Forward
1 - 51% - 50% - 3:03
2 - 49% - 50% - 2:54
PP Defense
1 - 52% - 50% - 3:07
2 - 48% - 50% - 2:50
PK Forward
1 - 45% - 50% - 1:06
2 - 55% - 50% - 1:22
PK Defense
1 - 57% - 50% - 1:25
2 - 43% - 50% - 1:03
PK3 Forward
1 - 0% - 50%
2 - 0% - 50%
PK3 Defense
1 - 0% - 50%
2 - 0% - 50%
44 Forward
1 - 0% - 50%
2 - 0% - 50%
44 Defense
1 - 0% - 50%
2 - 0% - 50%
Last Minute Offensive  - 0:00
Last Minute Defensive  - 0:00
Total
Forward - 60:00
Defense - 60:00

% Time on Ice - Islanders

Lines # - Real PCT - Wanted PCT - Time Play
Normal Forward
1 - 31% - 35% - 16:14
2 - 28% - 30% - 14:31
3 - 23% - 20% - 11:41
4 - 18% - 15% - 9:09
Normal Defense
1 - 39% - 40% - 19:55
2 - 35% - 35% - 17:55
3 - 26% - 25% - 13:21
4 - 1% - 0% - 0:24
PP Forward
1 - 64% - 60% - 1:34
2 - 36% - 40% - 0:54
PP Defense
1 - 71% - 60% - 1:45
2 - 29% - 40% - 0:43
PK Forward
1 - 83% - 60% - 4:58
2 - 17% - 40% - 0:59
PK Defense
1 - 71% - 60% - 4:15
2 - 29% - 40% - 1:42
PK3 Forward
1 - 0% - 60%
2 - 0% - 40%
PK3 Defense
1 - 0% - 60%
2 - 0% - 40%
44 Forward
1 - 0% - 60%
2 - 0% - 40%
44 Defense
1 - 0% - 60%
2 - 0% - 40%
Last Minute Offensive  - 0:00
Last Minute Defensive  - 0:00
Total
Forward - 60:00
Defense - 60:00

Play-by-Play

1st period


0:01 of 1st period - Ryan O'Reilly wins face-off versus Nicklas Backstrom in neutral zone.
0:14 of 1st period - Slapshot by Mitch Marner.
0:14 of 1st period - Shot Misses the Net.
0:16 of 1st period - Slapshot by Jake Muzzin.
0:16 of 1st period - Shot Misses the Net.
0:26 of 1st period - Kyle Palmieri is hit by Sven Baertschi and loses puck.
0:48 of 1st period - Off-side.
0:49 of 1st period - Tyler Bozak wins face-off versus Mathew Barzal in neutral zone.
0:52 of 1st period - Snap shot by Brandon Saad.
0:52 of 1st period - Stopped by Robin Lehner without a rebound.
0:53 of 1st period - Tyler Bozak wins face-off versus Mathew Barzal in Canadiens zone.
1:08 of 1st period - Wrist shot by Timo Meier.
1:08 of 1st period - Deflect By Travis Hamonic.
1:08 of 1st period - Shot Misses the Net.
1:08 of 1st period - Puck is out of play.
1:09 of 1st period - Brandon Pirri wins face-off versus Radek Faksa in Canadiens zone.
1:09 of 1st period - Brandon Pirri is hit by Radek Faksa.
1:17 of 1st period - Snap shot by Brandon Pirri.
1:17 of 1st period - Stopped by Corey Crawford without a rebound.
1:18 of 1st period - Radek Faksa wins face-off versus Nate Thompson in Islanders zone.
1:25 of 1st period - Wrist shot by Evan Rodrigues.
1:25 of 1st period - Shot Blocked by Brett Pesce.
1:44 of 1st period - Slapshot by Brandon Pirri.
1:44 of 1st period - Shot Misses the Net.
1:46 of 1st period - Wrist shot by Magnus Paajarvi.
1:46 of 1st period - Stopped by Corey Crawford with a rebound.
1:48 of 1st period - Slapshot by John Moore.
1:48 of 1st period - Deflect By Brandon Pirri.
1:48 of 1st period - Stopped by Corey Crawford without a rebound.
1:49 of 1st period - Ryan O'Reilly wins face-off versus Tyler Ennis in Islanders zone.
1:56 of 1st period - Snap shot by Ryan O'Reilly.
1:56 of 1st period - Shot Hit the Post.
2:04 of 1st period - Wrist shot by Tyler Ennis.
2:04 of 1st period - Shot Blocked by Adam Larsson.
2:30 of 1st period - Minor Penalty to Travis Hamonic for Tripping.
2:31 of 1st period - Ryan O'Reilly wins face-off versus Nicklas Backstrom in Canadiens zone.
4:30 of 1st period - Penalty to Travis Hamonic is over, Travis Hamonic is back on ice.
5:15 of 1st period - Logan Shaw is hit by Brett Pesce and loses puck.
6:33 of 1st period - Vladimir Tarasenko is hit by Nino Niederreiter and loses puck.
6:44 of 1st period - Vladimir Tarasenko is hit by Chris Kreider and loses puck.
7:01 of 1st period - Mitch Marner is hit by Logan Shaw and loses puck.
7:06 of 1st period - Wrist shot by Tyler Ennis.
7:06 of 1st period - Shot Misses the Net.
7:25 of 1st period - Evan Rodrigues is hit by Magnus Paajarvi and loses puck.
8:00 of 1st period - Slapshot by Justin Schultz.
8:00 of 1st period - Shot Misses the Net.
8:02 of 1st period - Slapshot by Justin Schultz.
8:02 of 1st period - Deflect By Mathew Barzal.
8:02 of 1st period - Stopped by Robin Lehner with a rebound.
8:04 of 1st period - Wrist shot by Logan Shaw.
8:04 of 1st period - Stopped by Robin Lehner without a rebound.
8:05 of 1st period - Ryan O'Reilly wins face-off versus Nicklas Backstrom in Canadiens zone.
8:20 of 1st period - Wrist shot by Nicklas Backstrom.
8:20 of 1st period - Shot Misses the Net.
8:40 of 1st period - Minor Penalty to Chris Kreider for Interference.
8:41 of 1st period - Ryan O'Reilly wins face-off versus Nicklas Backstrom in Canadiens zone.
8:41 of 1st period - Ryan O'Reilly is hit by Alex Goligoski.
8:55 of 1st period - Slapshot by Kyle Palmieri.
8:55 of 1st period - Stopped by Robin Lehner without a rebound.
8:56 of 1st period - Ryan O'Reilly wins face-off versus Nicklas Backstrom in Canadiens zone.
9:07 of 1st period - Wrist shot by Kyle Palmieri.
9:07 of 1st period - Shot Blocked by Brett Pesce.
9:09 of 1st period - Snap shot by Nicklas Backstrom.
9:09 of 1st period - Goal by Nicklas Backstrom - Canadiens : 0 - Islanders : 1.
9:10 of 1st period - Nicklas Backstrom wins face-off versus Mathew Barzal in neutral zone.
9:35 of 1st period - Timo Meier is hit by Brent Seabrook and loses puck.
10:25 of 1st period - Wrist shot by Chris Kreider.
10:25 of 1st period - Stopped by Corey Crawford without a rebound.
10:26 of 1st period - Max Pacioretty wins face-off versus Nicklas Backstrom in Islanders zone.
10:27 of 1st period - Snap shot by Mitch Marner.
10:27 of 1st period - Shot Misses the Net.
10:33 of 1st period - Slapshot by Nicklas Backstrom.
10:33 of 1st period - Shot Blocked by Jake Muzzin.
10:35 of 1st period - Wrist shot by Kyle Palmieri.
10:35 of 1st period - Deflect By Nicklas Backstrom.
10:35 of 1st period - Stopped by Robin Lehner without a rebound.
10:36 of 1st period - Ryan O'Reilly wins face-off versus Nicklas Backstrom in Canadiens zone.
10:56 of 1st period - Snap shot by Mitch Marner.
10:56 of 1st period - Stopped by Corey Crawford with a rebound.
11:10 of 1st period - Wrist shot by Nicklas Backstrom.
11:10 of 1st period - Shot Misses the Net.
11:28 of 1st period - Snap shot by Nicklas Backstrom.
11:28 of 1st period - Stopped by Robin Lehner with a rebound.
11:40 of 1st period - Snap shot by Kyle Palmieri.
11:40 of 1st period - Shot Misses the Net.
11:42 of 1st period - Slapshot by Jordie Benn.
11:42 of 1st period - Shot Blocked by Jake Muzzin.
11:44 of 1st period - Wrist shot by Nicklas Backstrom.
11:44 of 1st period - Deflect By Vladimir Tarasenko.
11:44 of 1st period - Shot Misses the Net.
11:44 of 1st period - Puck is out of play.
11:45 of 1st period - Tyler Bozak wins face-off versus Mathew Barzal in Canadiens zone.
12:10 of 1st period - Brett Pesce is hit by Radek Faksa and loses puck.
12:23 of 1st period - Wrist shot by Radek Faksa.
12:23 of 1st period - Stopped by Robin Lehner without a rebound.
12:24 of 1st period - Mathew Barzal wins face-off versus Tyler Bozak in Canadiens zone.
14:13 of 1st period - Wrist shot by Mitch Marner.
14:13 of 1st period - Shot Misses the Net.
14:15 of 1st period - Snap shot by Max Pacioretty.
14:15 of 1st period - Stopped by Corey Crawford with a rebound.
14:17 of 1st period - Wrist shot by Max Pacioretty.
14:17 of 1st period - Stopped by Corey Crawford with a rebound.
14:21 of 1st period - Snap shot by Mitch Marner.
14:21 of 1st period - Shot Blocked by Timo Meier.
14:35 of 1st period - Snap shot by Max Pacioretty.
14:35 of 1st period - Stopped by Corey Crawford without a rebound.
14:36 of 1st period - Nicklas Backstrom wins face-off versus Mathew Barzal in Islanders zone.
15:12 of 1st period - Snap shot by Radek Faksa.
15:12 of 1st period - Shot Misses the Net.
15:28 of 1st period - Bryan Little is hit by Jordie Benn.
15:34 of 1st period - Wrist shot by Nino Niederreiter.
15:34 of 1st period - Stopped by Corey Crawford with a rebound.
15:44 of 1st period - Logan Shaw is hit by Chris Kreider and loses puck.
16:31 of 1st period - Wrist shot by Tyler Bozak.
16:31 of 1st period - Shot Misses the Net.
16:44 of 1st period - Off-side.
16:45 of 1st period - Ryan O'Reilly wins face-off versus Radek Faksa in neutral zone.
16:55 of 1st period - Wrist shot by Radek Faksa.
16:55 of 1st period - Shot Misses the Net.
17:37 of 1st period - Snap shot by Timo Meier.
17:37 of 1st period - Shot Blocked by Jake Muzzin.
17:39 of 1st period - Wrist shot by Timo Meier.
17:39 of 1st period - Stopped by Robin Lehner with a rebound.
17:41 of 1st period - Slapshot by Alex Goligoski.
17:41 of 1st period - Stopped by Robin Lehner without a rebound.
17:42 of 1st period - Nicklas Backstrom wins face-off versus Bryan Little in Canadiens zone.
17:57 of 1st period - Snap shot by Nino Niederreiter.
17:57 of 1st period - Stopped by Corey Crawford with a rebound.
18:51 of 1st period - Snap shot by Bryan Little.
18:51 of 1st period - Stopped by Corey Crawford without a rebound.
18:52 of 1st period - Bryan Little wins face-off versus Nicklas Backstrom in Islanders zone.
18:53 of 1st period - Snap shot by Nino Niederreiter.
18:53 of 1st period - Stopped by Corey Crawford with a rebound.
18:55 of 1st period - Wrist shot by Bryan Little.
18:55 of 1st period - Stopped by Corey Crawford without a rebound.
18:56 of 1st period - Mathew Barzal wins face-off versus Nicklas Backstrom in Islanders zone.
19:13 of 1st period - Slapshot by Kyle Palmieri.
19:13 of 1st period - Shot Misses the Net.
19:47 of 1st period - Wrist shot by Evan Rodrigues.
19:47 of 1st period - Deflect By Chris Mueller.
19:47 of 1st period - Stopped by Robin Lehner without a rebound.
19:48 of 1st period - Radek Faksa wins face-off versus Mathew Barzal in Canadiens zone.
19:49 of 1st period - Snap shot by Evan Rodrigues.
19:49 of 1st period - Stopped by Robin Lehner with a rebound.
Goals for this period are 0 for Canadiens vs 1 for Islanders.
Shots for this period are 13 for Canadiens vs 12 for Islanders.

2nd period


0:01 of 2nd period - Nicklas Backstrom wins face-off versus Andreas Athanasiou in neutral zone.
2:06 of 2nd period - Backhand shot by Nino Niederreiter.
2:06 of 2nd period - Stopped by Corey Crawford without a rebound.
2:07 of 2nd period - Ryan O'Reilly wins face-off versus Kyle Palmieri in Islanders zone.
2:50 of 2nd period - Snap shot by Nicklas Backstrom.
2:50 of 2nd period - Shot Blocked by Jake Muzzin.
2:52 of 2nd period - Slapshot by Mathew Dumba.
2:52 of 2nd period - Stopped by Robin Lehner with a rebound.
2:54 of 2nd period - Snap shot by Nicklas Backstrom.
2:54 of 2nd period - Stopped by Robin Lehner without a rebound.
2:55 of 2nd period - Tyler Bozak wins face-off versus Bryan Little in Canadiens zone.
3:33 of 2nd period - Wrist shot by Chris Kreider.
3:33 of 2nd period - Shot Misses the Net.
3:45 of 2nd period - Max Pacioretty is hit by James Neal and loses puck.
3:52 of 2nd period - Wrist shot by Tyler Ennis.
3:52 of 2nd period - Stopped by Robin Lehner without a rebound.
3:53 of 2nd period - Nicklas Backstrom wins face-off versus Bryan Little in Canadiens zone.
4:18 of 2nd period - Slapshot by Mathew Dumba.
4:18 of 2nd period - Shot Misses the Net.
4:25 of 2nd period - Icing by Chris Kreider.
4:26 of 2nd period - Mathew Barzal wins face-off versus Tyler Bozak in Canadiens zone.
4:39 of 2nd period - Snap shot by Mathew Barzal.
4:39 of 2nd period - Stopped by Corey Crawford without a rebound.
4:40 of 2nd period - Bryan Little wins face-off versus Nicklas Backstrom in Islanders zone.
5:01 of 2nd period - Minor Penalty to Mathew Dumba for Hooking.
5:02 of 2nd period - Nicklas Backstrom wins face-off versus Ryan O'Reilly in Islanders zone.
5:32 of 2nd period - Icing by Bryan Little.
5:33 of 2nd period - Bryan Little wins face-off versus Nicklas Backstrom in Canadiens zone.
5:48 of 2nd period - Justin Schultz is hit by Adam Larsson.
6:45 of 2nd period - Icing by Bryan Little.
6:46 of 2nd period - Mathew Barzal wins face-off versus Chris Mueller in Canadiens zone.
7:01 of 2nd period - Penalty to Mathew Dumba is over, Mathew Dumba is back on ice.
7:34 of 2nd period - Slapshot by Tyler Bozak.
7:34 of 2nd period - Stopped by Robin Lehner without a rebound.
7:35 of 2nd period - Tyler Bozak wins face-off versus Ryan O'Reilly in Canadiens zone.
8:01 of 2nd period - Mitch Marner is hit by Brandon Saad and loses puck.
8:10 of 2nd period - Backhand shot by Timo Meier.
8:10 of 2nd period - Stopped by Robin Lehner without a rebound.
8:11 of 2nd period - Nicklas Backstrom wins face-off versus Bryan Little in Canadiens zone.
8:18 of 2nd period - Snap shot by Kyle Palmieri.
8:18 of 2nd period - Stopped by Robin Lehner with a rebound.
9:07 of 2nd period - Jake Muzzin is hit by Jordie Benn and loses puck.
10:09 of 2nd period - Snap shot by Evan Rodrigues.
10:09 of 2nd period - Stopped by Robin Lehner without a rebound.
10:10 of 2nd period - Tyler Bozak wins face-off versus Bryan Little in Canadiens zone.
11:05 of 2nd period - Snap shot by Evan Rodrigues.
11:05 of 2nd period - Shot Misses the Net.
11:24 of 2nd period - Wrist shot by Sven Baertschi.
11:24 of 2nd period - Goal by Sven Baertschi - Canadiens : 1 - Islanders : 1.
11:25 of 2nd period - Nicklas Backstrom wins face-off versus Mathew Barzal in neutral zone.
11:38 of 2nd period - Slapshot by Jake Muzzin.
11:38 of 2nd period - Shot Misses the Net.
11:40 of 2nd period - Snap shot by Chris Kreider.
11:40 of 2nd period - Stopped by Corey Crawford without a rebound.
11:41 of 2nd period - Ryan O'Reilly wins face-off versus Timo Meier in Islanders zone.
11:52 of 2nd period - Snap shot by Mitch Marner.
11:52 of 2nd period - Stopped by Corey Crawford with a rebound.
12:15 of 2nd period - Snap shot by Kyle Palmieri.
12:15 of 2nd period - Shot Misses the Net.
12:17 of 2nd period - Snap shot by Nicklas Backstrom.
12:17 of 2nd period - Shot Blocked by Travis Hamonic.
12:56 of 2nd period - Snap shot by Sven Baertschi.
12:56 of 2nd period - Stopped by Corey Crawford without a rebound.
12:57 of 2nd period - Nicklas Backstrom wins face-off versus Ryan O'Reilly in Islanders zone.
13:23 of 2nd period - Wrist shot by Mathew Barzal.
13:23 of 2nd period - Shot Misses the Net.
13:47 of 2nd period - Brett Pesce is hit by Chris Mueller and loses puck.
14:25 of 2nd period - Snap shot by Tyler Ennis.
14:25 of 2nd period - Stopped by Robin Lehner without a rebound.
14:26 of 2nd period - Ryan O'Reilly wins face-off versus Tyler Ennis in Canadiens zone.
14:31 of 2nd period - Tyler Ennis is hit by Jake Muzzin and loses puck.
15:23 of 2nd period - Icing by Nino Niederreiter.
15:24 of 2nd period - Bryan Little wins face-off versus Tyler Bozak in Canadiens zone.
16:16 of 2nd period - Radek Faksa is hit by Chris Kreider and loses puck.
16:22 of 2nd period - Minor Penalty to Chris Mueller for Slashing.
16:23 of 2nd period - Ryan O'Reilly wins face-off versus Nicklas Backstrom in Islanders zone.
16:25 of 2nd period - Wrist shot by Chris Kreider.
16:25 of 2nd period - Shot Misses the Net.
17:22 of 2nd period - Brandon Saad is hit by Chris Kreider and loses puck.
18:22 of 2nd period - Penalty to Chris Mueller is over, Chris Mueller is back on ice.
18:33 of 2nd period - Wrist shot by Logan Shaw.
18:33 of 2nd period - Stopped by Robin Lehner without a rebound.
18:34 of 2nd period - Radek Faksa wins face-off versus Nate Thompson in Canadiens zone.
18:57 of 2nd period - Tyler Bozak is hit by Bryan Little and loses puck.
19:04 of 2nd period - Snap shot by Jake Gardiner.
19:04 of 2nd period - Deflect By Bryan Little.
19:04 of 2nd period - Stopped by Robin Lehner without a rebound.
19:05 of 2nd period - Nicklas Backstrom wins face-off versus Ryan O'Reilly in Canadiens zone.
19:16 of 2nd period - Wrist shot by Mitch Marner.
19:16 of 2nd period - Stopped by Corey Crawford without a rebound.
19:17 of 2nd period - Mathew Barzal wins face-off versus Nicklas Backstrom in Islanders zone.
19:32 of 2nd period - Snap shot by Mathew Barzal.
19:32 of 2nd period - Shot Misses the Net.
Goals for this period are 1 for Canadiens vs 0 for Islanders.
Shots for this period are 7 for Canadiens vs 10 for Islanders.

3rd period


0:01 of 3rd period - Mathew Barzal wins face-off versus Nicklas Backstrom in neutral zone.
0:26 of 3rd period - Alex Goligoski is hit by Max Pacioretty and loses puck.
1:12 of 3rd period - Wrist shot by Chris Kreider.
1:12 of 3rd period - Deflect By Mathew Barzal.
1:12 of 3rd period - Stopped by Corey Crawford with a rebound.
1:14 of 3rd period - Slapshot by Adam Larsson.
1:14 of 3rd period - Deflect By Andreas Athanasiou.
1:14 of 3rd period - Stopped by Corey Crawford with a rebound.
1:16 of 3rd period - Slapshot by Adam Larsson.
1:16 of 3rd period - Shot Misses the Net.
1:18 of 3rd period - Snap shot by Mathew Barzal.
1:18 of 3rd period - Shot Misses the Net.
2:33 of 3rd period - Snap shot by Nicklas Backstrom.
2:33 of 3rd period - Stopped by Robin Lehner with a rebound.
2:57 of 3rd period - Brandon Saad is hit by Brent Seabrook and loses puck.
3:40 of 3rd period - Snap shot by Sven Baertschi.
3:40 of 3rd period - Stopped by Corey Crawford with a rebound.
4:06 of 3rd period - Wrist shot by Evan Rodrigues.
4:06 of 3rd period - Stopped by Robin Lehner without a rebound.
4:07 of 3rd period - Ryan O'Reilly wins face-off versus Tyler Bozak in Canadiens zone.
4:57 of 3rd period - Sven Baertschi is hit by Evan Rodrigues and loses puck.
5:24 of 3rd period - Slapshot by Magnus Paajarvi.
5:24 of 3rd period - Deflect By Brandon Pirri.
5:24 of 3rd period - Shot Misses the Net.
5:24 of 3rd period - Puck is out of play.
5:25 of 3rd period - Ryan O'Reilly wins face-off versus Vladimir Tarasenko in Islanders zone.
5:26 of 3rd period - Wrist shot by Mitch Marner.
5:26 of 3rd period - Stopped by Corey Crawford with a rebound.
5:59 of 3rd period - Snap shot by Mitch Marner.
5:59 of 3rd period - Shot Misses the Net.
6:01 of 3rd period - Wrist shot by Mitch Marner.
6:01 of 3rd period - Stopped by Corey Crawford without a rebound.
6:02 of 3rd period - Tyler Bozak wins face-off versus Mathew Barzal in Islanders zone.
6:17 of 3rd period - Snap shot by Brandon Saad.
6:17 of 3rd period - Shot Blocked by Mathew Barzal.
6:48 of 3rd period - Brandon Pirri is hit by Evan Rodrigues and loses puck.
6:53 of 3rd period - Snap shot by Evan Rodrigues.
6:53 of 3rd period - Shot Misses the Net.
6:55 of 3rd period - Snap shot by Evan Rodrigues.
6:55 of 3rd period - Shot Blocked by John Moore.
7:18 of 3rd period - Snap shot by Brandon Pirri.
7:18 of 3rd period - Shot Misses the Net.
7:59 of 3rd period - Ryan Murray is hit by Ryan O'Reilly and loses puck.
8:23 of 3rd period - Snap shot by Nino Niederreiter.
8:23 of 3rd period - Shot Blocked by Radek Faksa.
8:25 of 3rd period - Wrist shot by Nino Niederreiter.
8:25 of 3rd period - Stopped by Corey Crawford without a rebound.
8:26 of 3rd period - Mathew Barzal wins face-off versus Tyler Bozak in Islanders zone.
9:14 of 3rd period - Snap shot by Evan Rodrigues.
9:14 of 3rd period - Shot Misses the Net.
9:16 of 3rd period - Slapshot by Jake Gardiner.
9:16 of 3rd period - Deflect By Chris Mueller.
9:16 of 3rd period - Shot Blocked by Bryan Little.
9:16 of 3rd period - Puck is out of play.
9:17 of 3rd period - Bryan Little wins face-off versus Tyler Bozak in Canadiens zone.
9:17 of 3rd period - Bryan Little is hit by Tyler Bozak.
9:25 of 3rd period - Slapshot by Nino Niederreiter.
9:25 of 3rd period - Stopped by Corey Crawford with a rebound.
10:07 of 3rd period - Travis Hamonic is hit by Chris Mueller.
10:15 of 3rd period - Snap shot by Ryan O'Reilly.
10:15 of 3rd period - Shot Blocked by Alex Goligoski.
10:17 of 3rd period - Snap shot by Mitch Marner.
10:17 of 3rd period - Deflect By Mathew Dumba.
10:17 of 3rd period - Stopped by Corey Crawford without a rebound.
10:18 of 3rd period - Tyler Bozak wins face-off versus Bryan Little in Islanders zone.
10:35 of 3rd period - Jordie Benn is hit by Adam Larsson.
11:32 of 3rd period - Radek Faksa is hit by Brett Pesce and loses puck.
11:51 of 3rd period - Snap shot by Alex Goligoski.
11:51 of 3rd period - Shot Misses the Net.
11:53 of 3rd period - Snap shot by Timo Meier.
11:53 of 3rd period - Shot Misses the Net.
11:55 of 3rd period - Wrist shot by Timo Meier.
11:55 of 3rd period - Stopped by Robin Lehner without a rebound.
11:56 of 3rd period - Nicklas Backstrom wins face-off versus Mathew Barzal in Canadiens zone.
12:05 of 3rd period - Snap shot by Vladimir Tarasenko.
12:05 of 3rd period - Shot Blocked by Brent Seabrook.
12:10 of 3rd period - Minor Penalty to Kyle Palmieri for Hooking.
12:11 of 3rd period - Ryan O'Reilly wins face-off versus Nicklas Backstrom in Islanders zone.
12:17 of 3rd period - Slapshot by Chris Kreider.
12:17 of 3rd period - Shot Misses the Net.
12:23 of 3rd period - Slapshot by Chris Kreider.
12:23 of 3rd period - Stopped by Corey Crawford with a rebound.
12:25 of 3rd period - Slapshot by Brent Seabrook.
12:25 of 3rd period - Shot Blocked by Mathew Dumba.
14:10 of 3rd period - Penalty to Kyle Palmieri is over, Kyle Palmieri is back on ice.
14:46 of 3rd period - Snap shot by Tyler Ennis.
14:46 of 3rd period - Shot Blocked by Brandon Pirri.
14:48 of 3rd period - Slapshot by Justin Schultz.
14:48 of 3rd period - Shot Misses the Net.
15:04 of 3rd period - Mathew Barzal is hit by Evan Rodrigues and loses puck.
15:58 of 3rd period - John Moore is hit by Ryan Murray and loses puck.
16:40 of 3rd period - Icing by Brandon Saad.
16:41 of 3rd period - Nate Thompson wins face-off versus Tyler Bozak in Islanders zone.
17:03 of 3rd period - Wrist shot by Sven Baertschi.
17:03 of 3rd period - Shot Blocked by Chris Mueller.
17:05 of 3rd period - Slapshot by Adam Larsson.
17:05 of 3rd period - Shot Misses the Net.
17:07 of 3rd period - Slapshot by Nino Niederreiter.
17:07 of 3rd period - Shot Misses the Net.
17:09 of 3rd period - Snap shot by Nino Niederreiter.
17:09 of 3rd period - Deflect By Bryan Little.
17:09 of 3rd period - Shot Blocked by Justin Schultz.
17:09 of 3rd period - Puck is out of play.
17:10 of 3rd period - Ryan O'Reilly wins face-off versus Tyler Ennis in Islanders zone.
17:23 of 3rd period - Wrist shot by James Neal.
17:23 of 3rd period - Deflect By Brett Pesce.
17:23 of 3rd period - Shot Misses the Net.
17:23 of 3rd period - Puck is out of play.
17:24 of 3rd period - Evan Rodrigues wins face-off versus Nino Niederreiter in Canadiens zone.
17:25 of 3rd period - Snap shot by Radek Faksa.
17:25 of 3rd period - Shot Misses the Net.
17:28 of 3rd period - Icing by Brett Pesce.
17:29 of 3rd period - Radek Faksa wins face-off versus Sven Baertschi in Canadiens zone.
17:40 of 3rd period - Snap shot by Radek Faksa.
17:40 of 3rd period - Shot Blocked by Brett Pesce.
18:56 of 3rd period - Snap shot by Mitch Marner.
18:56 of 3rd period - Shot Misses the Net.
19:37 of 3rd period - Jake Muzzin is hit by Brandon Saad and loses puck.
Goals for this period are 0 for Canadiens vs 0 for Islanders.
Shots for this period are 9 for Canadiens vs 3 for Islanders.

Overtime #1


0:01 of 1st overtime period - Nicklas Backstrom wins face-off versus Ryan O'Reilly in neutral zone.
0:29 of 1st overtime period - Off-side.
0:30 of 1st overtime period - Mathew Barzal wins face-off versus Brandon Saad in neutral zone.
0:45 of 1st overtime period - Brent Seabrook is hit by Kyle Palmieri and loses puck.
0:56 of 1st overtime period - Slapshot by Jake Muzzin.
0:56 of 1st overtime period - Stopped by Corey Crawford with a rebound.
0:58 of 1st overtime period - Snap shot by Mathew Barzal.
0:58 of 1st overtime period - Canadiens goal is going for a video replay.
0:58 of 1st overtime period - The goal is good.
0:58 of 1st overtime period - Goal by Mathew Barzal - Canadiens : 2 - Islanders : 1.
Goals for this period are 1 for Canadiens vs 0 for Islanders.
Shots for this period are 2 for Canadiens vs 0 for Islanders.